 Dungeon Crawl Stone Soup version 0.29-a0-284-gf9362112df (webtiles) character file.

Game seed: 6567676643580110025

140 drugrobin the Chopper (level 4, -9/37 HPs)
             Began as a Demigod Fighter on Mar 16, 2022.
             Killed by divine providence
             ... invoked by an orc priest
              (16 damage)
             ... on level 4 of the Dungeon.
             The game lasted 00:07:25 (4045 turns).

drugrobin the Chopper (Demigod Fighter)             Turns: 4045, Time: 00:07:26

Health: -9/37      AC:  8    Str: 21    XL:     4   Next: 72%
Magic:  6/6        EV:  7    Int: 10    God:
Gold:   112        SH:  4    Dex: 13    Spells: 3/3 levels left

rFire   . . .      SeeInvis .   a - +0 war axe
rCold   . . .      Faith    .   c - +0 buckler
rNeg    . . .      Spirit   .   s - +0 chain mail
rPois   .          Reflect  .   (no helmet)
rElec   .          Harm     .   (no cloak)
rCorr   .          Rampage  .   (no gloves)
Will    .....                   (no boots)
Stlth   ..........              (no amulet)
HPRegen 0.12/turn               (no ring)
MPRegen 0.10/turn               (no ring)

@: no status effects
A: high MP 1, forlorn, divine attributes
a: no special abilities


You were on level 4 of the Dungeon.
You visited 1 branch of the dungeon, and saw 4 of its levels.

You collected 112 gold pieces.

Inventory:

Hand Weapons
 a - a +0 war axe (weapon)
 b - a +0 hunting sling
Missiles
 j - 2 boomerangs (quivered)
 r - 8 poisoned darts
Armour
 c - a +0 buckler (worn)
 s - a +0 chain mail (worn)
Scrolls
 e - 2 scrolls of brand weapon {unknown}
 f - a scroll of blinking {unknown}
 g - 2 scrolls of magic mapping {unknown}
 h - a scroll of identify {unknown}
 m - a scroll of silence {unknown}
 n - a scroll of enchant armour {unknown}
Potions
 d - a potion of might
 i - a potion of berserk rage {unknown}
 k - 2 potions of heal wounds {unknown}
 l - a potion of mutation {unknown}
 o - a potion of lignification {unknown}
 p - a potion of attraction {unknown}
 q - a potion of curing {unknown}


   Skills:
 - Level 2.6 Fighting
 + Level 4.8 Axes
 - Level 2.6 Armour
 - Level 2.6 Shields


You had 3 spell levels left.
You didn't know any spells.
Your spell library was empty.

Dungeon Overview and Level Annotations

Branches:
Dungeon (4/15)             Temple (0/1) D:4

Annotations:
D:2 Sigmund


Innate Abilities, Weirdness & Mutations

You have an increased reservoir of magic. (+10% MP)
You shall have no god before yourself.
Your divine heritage dramatically boosts your attributes as you level up.


Message History

The endoplasm is heavily wounded.
The endoplasm freezes you.
You are frozen.
You hit the endoplasm.
You kill the endoplasm!
HP restored.
A goblin comes into view. It is wielding a +0 dagger.
Found a staircase to the Ecumenical Temple.
The goblin shouts!
Unknown command.
You hit the goblin.
You kill the goblin!
Things that are here:
a +0 dagger; a goblin corpse An orc comes into view.
It is wielding a +0 mace.
The orc shouts!
Things that are here:
a +0 dagger; a goblin corpse
Things that are here:
a +0 dagger; a goblin corpse An orc priest comes into view.
It is wielding a +0 hand axe.
The orc hits you but does no damage.
An orc comes into view. It is wielding a +0 club.
Things that are here:
a +0 dagger; a goblin corpse The orc attacks as you move away!
The orc hits you but does no damage.
The orc priest invokes the aid of Beogh against you.
Beogh smites you!
You hear a shout! x3
The orc attacks as you move away! The orc hits you with a +0 mace.
The orc attacks as you move away! The orc hits you but does no damage.
The orc attacks as you move away! The orc hits you with a +0 mace.
You slash the orc!
You kill the orc!
The orc priest mumbles some strange prayers to Beogh against you.
Beogh smites you!
* * * LOW HITPOINT WARNING * * *
The orc priest calls down the wrath of Beogh upon you.
Beogh smites you!
You die...

................#
##..>.⌠8......o.#
#..............###
⌠8..........#
............# #
............# .#
######.###..##.####
#.###.........
#.#..@........
#.#.#.........
#.#<........ #
#..##.#### ....#.#
........ .........#
..........#
...........#


You could see an orc priest.

Vanquished Creatures
  2 gnolls (D:2)
  5 adders
  A worm (D:2)
  A dart slug (D:2)
  4 orcs
  4 ball pythons
  6 endoplasms
  2 giant cockroaches
  9 goblins
  6 hobgoblins
  8 jackals
  4 kobolds
  A bat (D:1)
  6 frilled lizards
  6 rats
65 creatures vanquished.

Vanquished Creatures (others)
  4 toadstools (D:1)
4 creatures vanquished.

Grand Total: 69 creatures vanquished

Notes
Turn   | Place    | Note
-------+----------+-------------------------------------------
     0 | D:1      | drugrobin the Demigod Fighter began the quest for the Orb.
     0 | D:1      | Reached XP level 1. HP: 18/18 MP: 3/3
    95 | D:1      | Reached skill level 2 in Axes
   297 | D:1      | Reached XP level 2. HP: 25/25 MP: 4/4
   892 | D:2      | Noticed Sigmund
   899 | D:1      | Reached skill level 3 in Axes
  1359 | D:3      | Reached XP level 3. HP: 12/30 MP: 5/5
  2158 | D:3      | Reached skill level 4 in Axes
  2360 | D:2      | Reached XP level 4. HP: 21/37 MP: 6/6
  4015 | D:4      | Found a staircase to the Ecumenical Temple.
  4045 | D:4      | Killed from afar by an orc priest

Illustrated notes

Levels and vault maps discovered:
D:1:      ldierk_water_garden, layout_basic
D:2:      layout_rooms, serial_corexii_hall, corexii_hall_statues_u,
          corexii_hall_statues_l, corexii_hall_statues_x,
          corexii_hall_statues_l, nicolae_ecumenical_snake_handling,
          uniq_sigmund
D:3:      layout_basic, nemelex_spade_bored_becter,
          gammafunk_temple_overflow_forgotten
D:4:      layout_basic, minmay_temple_entry_drinking_statues, roderic_batcave,
          minmay_ogre_servants

Skill      XL: |  1  2  3 |
---------------+----------+-----
Axes           | 2 3 4 |  4.8
Fighting       | |  2.6
Armour         | |  2.6
Shields        | |  2.6

Action                   |  1- 3 |  4- 6 || total
-------------------------+-------+-------++-------
Melee: War axe           |   127 |    59 ||   186
 Fire: Hunting sling     |     8 |    19 ||    27
Throw: Boomerang         |     5 |       ||     5
Armor: Scale mail        |    69 |    13 ||    82
       Chain mail        |       |    14 ||    14
Dodge: Dodged            |    73 |    43 ||   116
Block: Buckler           |    36 |    12 ||    48

Table legend: (Time is in decaauts)
 A = Elapsed time spent in this place.
 B = Non-inter-level travel time spent in this place.
 C = Inter-level travel time spent in this place.
 D = Time resting spent in this place.
 E = Time spent auto-exploring this place.
 F = Levels seen in this place.
 G = Mean time per level.
                   A        B        C        D        E       F      G
               +--------+--------+--------+--------+--------+-----+--------+
         Total |   4137 |   3841 |    296 |   1250 |   1614 |   4 | 1034.2 |
       Dungeon |   4137 |   3841 |    296 |   1250 |   1614 |   4 | 1034.2 |
               +--------+--------+--------+--------+--------+-----+--------+

Top non-repeatable levels by time:
     D:3: 2123 daAuts
     D:1: 1180 daAuts
     D:2: 737 daAuts
     D:4: 96 daAuts
